 Dungeon Crawl Stone Soup version 0.23-a0-636-g0ff6057 (webtiles) character file.

18277 TheGoonsmith the Slinger (level 12, -1/108 HPs)
             Began as a Hill Orc Gladiator on Dec 28, 2018.
             Was the Champion of Okawaru.
             Slain by a minotaur
             ... wielding a +0 trident
              (17 damage)
             ... in a Gauntlet.
             The game lasted 00:24:53 (12401 turns).

TheGoonsmith the Slinger (Hill Orc Gladiator)      Turns: 12401, Time: 00:24:53

Health: -1/108     AC: 28    Str: 22    XL:     12   Next: 56%
Magic:  17/17      EV:  9    Int:  5    God:    Okawaru [******]
Gold:   624        SH:  0    Dex: 16    Spells: 11/11 levels left

rFire    + . .     SeeInvis .   b - +11 hunting sling of Wariness {flame, rPois rF+ rN+ Int-5}
rCold    . . .     Gourm    .   (no shield)
rNeg     + . .     Faith    .   F - +4 plate armour
rPois    +         Spirit   .   W - +2 helmet
rElec    .         Reflect  .   y - +0 cloak
rCorr    .         Harm     .   z - +1 pair of gloves of Cyruru {MR+ Int+2 Dex+4}
MR       ++...     NoTele   +   (no boots)
Stlth    ..........             (no amulet)
HPRegen  0.28/turn              H - ring of protection from magic
MPRegen  0.15/turn              C - +3 ring of protection

@: no status effects
A: no striking features
a: Heroism, Finesse, Renounce Religion


You were in a Gauntlet.
You worshipped Okawaru.
Okawaru was exalted by your worship.
You were hungry.

You visited 3 branches of the dungeon, and saw 13 of its levels.
You also visited: Sewer, Bailey and Gauntlet.

You collected 657 gold pieces.
You spent 33 gold pieces at shops.

Inventory:

Hand Weapons
 a - a +0 broad axe of flaming
 b - the +11 hunting sling of Wariness (weapon) {flame, rPois rF+ rN+ Int-5}
   (You found it on level 4 of the Dungeon)

   It causes projectiles fired from it to burn those they strike, causing extra
   injury to most foes and up to half again as much damage against particularly
   susceptible opponents.
   It affects your intelligence (-5).
   It protects you from fire.
   It protects you from poison.
   It protects you from negative energy.
 t - a +0 hunting sling
 Q - a +1 battleaxe
 X - the +8 Wrath of Trog {antimagic, *Rage}
   (You found it in a Gauntlet)

   It reduces the magical energy of the wielder, and disrupts the spells and
   magical abilities of those hit.
   Natural abilities and divine invocations are not affected.
   It may make you go berserk in combat.
Missiles
 d - 3 throwing nets
 m - 212 sling bullets (quivered)
 n - 216 stones
Armour
 y - a +0 cloak (worn)
 z - the +1 pair of gloves of Cyruru (worn) {MR+ Int+2 Dex+4}
   (You acquired it on level 8 of the Dungeon)

   It affects your intelligence (+2).
   It affects your dexterity (+4).
   It affects your resistance to hostile enchantments.
 F - a +4 plate armour (worn)
 L - a +0 chain mail of cold resistance
 W - a +2 helmet (worn)
 Y - a +2 hat
Jewellery
 q - an uncursed ring of protection from magic
 C - a +3 ring of protection (right hand)
 E - an uncursed ring of flight
 H - a ring of protection from magic (left hand)
 P - an uncursed ring of protection from cold
 S - an uncursed amulet of rage
 V - an uncursed amulet of guardian spirit {unknown}
Wands
 s - a wand of acid (11)
 D - a wand of enslavement (11)
 G - a wand of flame (15)
 K - a wand of disintegration (10)
 O - a wand of polymorph (13)
Scrolls
 c - a scroll of fear
 e - 5 scrolls of teleportation
 g - 5 scrolls of random uselessness
 k - 3 scrolls of remove curse
 l - a scroll of immolation
 p - 2 scrolls of enchant armour
 B - a scroll of identify
 N - 3 scrolls of fog
 R - a scroll of brand weapon
Potions
 h - a potion of cancellation
 i - 4 potions of agility
 j - 3 potions of flight
 o - 2 potions of curing
 r - 4 potions of degeneration
 u - 3 potions of heal wounds {unknown}
 v - 2 potions of brilliance
 w - a potion of magic {unknown}
 x - a potion of haste {unknown}
 A - a potion of resistance
 I - 3 potions of mutation
 J - a potion of might
 M - a potion of lignification {unknown}
 T - a potion of invisibility
 U - a potion of berserk rage {unknown}
Comestibles
 f - 20 rations


   Skills:
 + Level 10.9 Fighting
 - Level 7.3 Axes
 - Level 11.9(12.0) Slings
 - Level 1.7(8.0) Throwing
 + Level 9.9 Armour
 - Level 5.0 Dodging
 - Level 7.0 Invocations


You had 11 spell levels left.
You didn't know any spells.
Your spell library contained the following spells:

 Spells                   Type           Power        Failure   Level  Hunger
 Animate Skeleton         Necr           N/A          100%        1    ##.....
 Apportation              Tloc           #.....       100%        1    ##.....
 Beastly Appendage        Tmut           #.....       100%        1    ##.....
 Confusing Touch          Hex            #.....       100%        1    ##.....
 Corona                   Hex            #......      100%        1    ##.....
 Summon Small Mammal      Summ           #...         100%        1    ##.....
 Ensorcelled Hibernation  Hex/Ice        #.....       100%        2    ###....
 Sticks to Snakes         Tmut           #.......     100%        2    ###....
 Confuse                  Hex            #.......     100%        3    ####...
 Dazzling Spray           Conj/Hex       #.....       100%        3    ####...
 Spider Form              Tmut/Pois      #.........   100%        3    ####...
 Tukima's Dance           Hex            #.......     100%        3    ####...
 Ice Form                 Ice/Tmut       #.......     100%        4    #####..
 Blade Hands              Tmut           #.........   100%        5    ######.
 Borgnjor's Vile Clutch   Necr/Erth      #.........   100%        5    ######.
 Silence                  Hex/Air        #.........   100%        5    ######.
 Darkness                 Hex            #.........   100%        6    #######
 Shadow Creatures         Summ           N/A          100%        6    #######


Dungeon Overview and Level Annotations

Branches:
Dungeon (10/15)            Temple (1/1) D:4            Lair (2/6) D:10
    Orc (0/2) D:10
  Swamp: Lair:2-4    Shoals: Lair:2-4     Snake: Lair:2-4    Spider: Lair:2-4

Altars:
Ashenzari
Cheibriados
Dithmenos
Elyvilon
Fedhas
Gozag
Hepliaklqana
Kikubaaqudgha
Makhleb
Nemelex Xobeh
Okawaru
Qazlal
Ru
Sif Muna
Trog
Uskayaw
Vehumet
Wu Jian
Xom
Yredelemnul
Zin
The Shining One

Shops:
D:5 [(*}:

Annotations:
D:3 2 runed doors, Caerwyn's ghost, amateur GnVM
Lair:1 3 runed doors, Yfrir's ghost, novice MiAK Gauntlet 1 transporter


Message History

The minotaur is heavily wounded.
The minotaur hits you from afar with a +0 trident!
Firing (i - inventory. (/) - cycle)
m - 214 sling bullets (quivered)
Press: ? - help, Shift-Dir - straight line, f/p - minotaur
Aim: a minotaur, wielding a +0 trident and wearing a +0 plate armour (heavily You shoot a sling bullet.
The sling bullet hits the minotaur!
The sling bullet burns the minotaur.
The minotaur is severely wounded.
The minotaur hits you from afar with a +0 trident!
* * * LOW HITPOINT WARNING * * *
Firing (i - inventory. (/) - cycle)
m - 213 sling bullets (quivered)
Press: ? - help, Shift-Dir - straight line, f/p - minotaur
Aim: a minotaur, wielding a +0 trident and wearing a +0 plate armour (severely You shoot a sling bullet.
The sling bullet barely misses the minotaur.
You hear a splash.
The minotaur hits you from afar with a +0 trident!
* * * LOW HITPOINT WARNING * * *
The minotaur hits you from afar with a +0 trident!
You die...

#..#..#)#...
#######.©#..#©.^.©
#....##..#..#.#...
#.##.##..#..#.##..
#.##.....#..#.^##.
#.##.##..#..#...^. # #
#....##..#..######
#≈≈.#.#.##.##..#8.......
#≈∩.(H'@##.....#⌠.......
#≈≈.#.#.##.##..#8.......
# # #....##..#..######
#.##.# ..# #.##.. #.# .#
#.. ###


You could see a minotaur.

Vanquished Creatures
  A two-headed ogre (D:10)
  An orc knight (Bailey)
  Pikel (D:5)
  2 orc sorcerers (Bailey)
  A cyclops (D:8)
  A shining eye (Gauntlet)
  A spiny frog (Lair:1)
  A smoke demon (Gauntlet)
  A komodo dragon (Lair:1)
  2 kobold demonologists (D:10)
  A red devil (Gauntlet)
  A hornet (D:9)
  4 blink frogs (Lair:1)
  2 hippogriffs (D:8)
  3 centaur simulacra (Gauntlet)
  16 yaks
  4 fire bats (Lair:2)
  A basilisk (Lair:1)
  A wraith (D:10)
  2 wyverns
  3 fire elementals (Lair:2)
  A golden eye (Gauntlet)
  2 harpy simulacra (Gauntlet)
  4 water moccasins
  A warg (D:10)
  2 ice beasts
  A floating eye (Gauntlet)
  5 porcupines
  A sky beast (D:9)
  11 orc warriors
  A slave (D:5)
  A black bear (D:3)
  A phantom (D:6)
  5 wolves (Lair:1)
  2 ogres
  5 centaurs
  4 crocodiles
  Blork the orc (D:4)
  3 big kobolds
  6 bullfrogs
  A scorpion (D:7)
  13 wights
  8 killer bees
  A water moccasin skeleton (D:10)
  3 howler monkeys
  7 electric eels
  10 crimson imps
  2 centaur zombies
  A bullfrog zombie (D:5)
  A lava snake (Lair:2)
  4 orc priests
  2 hounds (D:8)
  2 jellies
  5 orc wizards
  2 centaur skeletons
  Jessica (D:2)
  Terence (D:2)
  4 iguanas
  4 worker ants
  Robin (D:4)
  17 adders
  5 gnolls (Bailey)
  2 river rats
  2 shadow imps (D:5)
  3 oozes
  An adder skeleton (D:8)
  An adder zombie (D:7)
  8 worms
  3 dart slugs
  3 leopard geckos
  40 orcs
  3 ball pythons
  6 giant cockroaches
  32 goblins
  14 hobgoblins
  8 jackals
  7 quokkas
  5 bats
  6 frilled lizards
  3 goblin skeletons (D:4)
  A goblin zombie (D:4)
  2 hobgoblin zombies (D:4)
  A jackal skeleton (D:4)
  27 kobolds
  A kobold skeleton (D:4)
  A kobold zombie (D:4)
  2 orc skeletons (D:4)
  An orc zombie (D:4)
  2 quokka zombies (D:8)
  12 rats
399 creatures vanquished.

Vanquished Creatures (others)
  A bullfrog skeleton (D:5)
1 creature vanquished.

Grand Total: 400 creatures vanquished

Notes
Turn   | Place    | Note
-------+----------+-------------------------------------------
     0 | D:1      | TheGoonsmith the Hill Orc Gladiator began the quest for the
                  | Orb.
     0 | D:1      | Reached XP level 1. HP: 18/18 MP: 1/1
    80 | D:1      | Reached XP level 2. HP: 17/25 MP: 2/2
   540 | D:1      | Reached skill level 1 in Armour
   746 | D:2      | Reached XP level 3. HP: 31/31 MP: 3/3
   760 | D:2      | Noticed Jessica
   764 | D:2      | Reached skill level 5 in Axes
  1045 | D:2      | Reached XP level 4. HP: 26/38 MP: 4/4
  1224 | D:2      | Killed Jessica
  1288 | D:2      | Found a faded altar of an unknown god.
  1421 | D:2      | Reached XP level 5. HP: 36/45 MP: 5/5
  1444 | D:2      | Noticed Terence
  1497 | D:2      | Killed Terence
  1737 | D:2      | Found a sparkling altar of Nemelex Xobeh.
  1759 | D:2      | Found a glowing silver altar of Zin.
  1759 | D:2      | Found a burning altar of Makhleb.
  1762 | D:2      | Found a hazy altar of Hepliaklqana.
  1762 | D:2      | Found a shimmering altar of Xom.
  1762 | D:2      | Found a blossoming altar of Fedhas.
  2227 | D:3      | Found a large runed door.
  2227 | D:3      | Found a large runed door.
  2286 | D:3      | Noticed Caerwyn's ghost (amateur GnVM)
  2468 | D:3      | Noticed a black bear
  2476 | D:3      | Killed a black bear
  2476 | D:3      | Reached XP level 6. HP: 27/52 MP: 6/6
  2803 | D:3      | Found a sacrificial altar of Ru.
  3016 | D:3      | Found a hazy altar of Hepliaklqana.
  3131 | D:3      | Found a sparkling altar of Nemelex Xobeh.
  3271 | D:4      | Found a glowing golden altar of the Shining One.
  3364 | D:4      | Got a scorched hunting sling
  3365 | D:4      | Identified the +11 hunting sling of Wariness {flame, rPois
                  | rF+ rN+ Int-5} (You found it on level 4 of the Dungeon)
  3439 | D:4      | Found a glowing drain.
  3448 | Sewer    | Entered a sewer
  3509 | Sewer    | Reached XP level 7. HP: 60/60 MP: 7/7
  3588 | Sewer    | Reached skill level 5 in Fighting
  3588 | Sewer    | Reached skill level 1 in Slings
  3784 | D:4      | Noticed Blork the orc
  3787 | D:4      | Killed Blork the orc
  3902 | D:4      | Found a staircase to the Ecumenical Temple.
  3913 | Temple   | Entered the Ecumenical Temple
  3954 | Temple   | Became a worshipper of Warmaster Okawaru
  4023 | D:4      | Noticed Robin
  4025 | D:4      | Killed Robin
  4291 | D:4      | Found a radiant altar of Vehumet.
  4478 | D:4      | Reached skill level 2 in Slings
  4626 | D:5      | Entered Level 5 of the Dungeon
  4626 | D:5      | Found Suriam's Antique Armour Shoppe.
  4703 | D:5      | Found Bukoijuo's Weapon Shop.
  4745 | D:5      | Reached XP level 8. HP: 70/70 MP: 8/8
  4806 | D:5      | Found Iclil's Gadget Emporium.
  4807 | D:5      | Identified a scroll of acquirement
  4855 | D:5      | Found a snail-covered altar of Cheibriados.
  4902 | D:5      | Reached skill level 3 in Slings
  4902 | D:5      | Reached skill level 5 in Armour
  5127 | D:5      | Found Ykkenuum's General Store.
  5133 | D:5      | Bought a potion of curing for 33 gold pieces
  5206 | D:5      | Found Puozxy's Book Boutique.
  5471 | D:5      | Noticed Pikel
  5486 | D:5      | Killed Pikel
  5486 | D:5      | Reached * piety under Okawaru
  5486 | D:5      | Reached skill level 5 in Slings
  5709 | D:6      | Reached skill level 6 in Slings
  5793 | D:6      | Reached XP level 9. HP: 69/75 MP: 9/9
  5963 | D:6      | Reached ** piety under Okawaru
  5963 | D:6      | Reached skill level 7 in Slings
  6404 | D:7      | Got an ancient falchion
  6411 | D:7      | Found a flagged portal.
  6431 | Bailey   | Entered a bailey
  6466 | Bailey   | Reached skill level 8 in Slings
  6497 | Bailey   | Found an iron altar of Okawaru.
  6497 | Bailey   | Noticed an orc sorcerer
  6497 | Bailey   | Noticed an orc sorcerer
  6505 | Bailey   | Killed an orc sorcerer
  6508 | Bailey   | Killed an orc sorcerer
  6508 | Bailey   | Reached *** piety under Okawaru
  6508 | Bailey   | Reached skill level 9 in Slings
  6592 | Bailey   | Reached skill level 10 in Slings
  6592 | Bailey   | Reached XP level 10. HP: 67/83 MP: 10/10
  6785 | Bailey   | Received a gift from Okawaru
  6794 | Bailey   | Noticed an orc knight
  6807 | Bailey   | Killed an orc knight
  6807 | Bailey   | Reached **** piety under Okawaru
  6853 | Bailey   | Reached skill level 11 in Slings
  7287 | D:7      | Found an ornate altar of the Wu Jian Council.
  7782 | D:8      | Received a gift from Okawaru
  7923 | D:8      | Reached skill level 1 in Invocations
  7967 | D:8      | Found an ancient bone altar of Kikubaaqudgha.
  7975 | D:8      | Got a pair of faintly humming gloves
  7981 | D:8      | Identified the +1 pair of gloves of Cyruru {MR+ Int+2
                  | Dex+4} (You acquired it on level 8 of the Dungeon)
  8067 | D:8      | Reached ***** piety under Okawaru
  8096 | D:8      | Found a stormy altar of Qazlal.
  8099 | D:8      | Found an opulent altar of Gozag.
  8102 | D:8      | Found a deep blue altar of Sif Muna.
  8204 | D:8      | Reached XP level 11. HP: 91/91 MP: 11/13
  8323 | D:8      | Noticed a cyclops
  8336 | D:8      | Killed a cyclops
  8977 | D:9      | Received a gift from Okawaru
  9063 | D:9      | Reached skill level 5 in Invocations
  9064 | D:9      | Found a snail-covered altar of Cheibriados.
  9170 | D:9      | Identified the +1 falchion of Ysaasmu {freeze, rElec Int+4
                  | Stlth+} (You found it on level 7 of the Dungeon)
  9389 | D:9      | Found a shimmering altar of Xom.
  9390 | D:9      | Found a burning altar of Makhleb.
  9632 | D:10     | Entered Level 10 of the Dungeon
  9642 | D:10     | Received a gift from Okawaru
  9909 | D:10     | Found a staircase to the Orcish Mines.
 10035 | D:10     | Received a gift from Okawaru
 10167 | D:10     | Noticed a two-headed ogre
 10175 | D:10     | Killed a two-headed ogre
 10175 | D:10     | Reached ****** piety under Okawaru
 10405 | D:10     | Found a staircase to the Lair.
 10504 | Lair:1   | Entered Level 1 of the Lair of Beasts
 10507 | Lair:1   | Found a runed gate.
 10507 | Lair:1   | Found a runed gate.
 10507 | Lair:1   | Found a runed gate.
 10554 | Lair:1   | Reached skill level 5 in Dodging
 10563 | Lair:1   | Reached XP level 12. HP: 88/104 MP: 17/17
 10922 | Lair:1   | Received a gift from Okawaru
 11303 | Lair:1   | Noticed Yfrir's ghost (novice MiAK)
 11373 | Lair:2   | Reached skill level 10 in Fighting
 11612 | Lair:2   | Found a gate leading to a gauntlet.
 11624 | Lair:2   | Received a gift from Okawaru
 11637 | Gauntlet | Entered a Gauntlet
 11637 | Gauntlet | Found a transporter.
 11637 | Gauntlet | Found a transporter.
 11646 | Gauntlet | Found a transporter.
 12022 | Gauntlet | Found a transporter.
 12043 | Gauntlet | Found a transporter.
 12044 | Gauntlet | Found a transporter.
 12050 | Gauntlet | Paralysed by a floating eye for 2 turns
 12053 | Gauntlet | Received a gift from Okawaru
 12072 | Gauntlet | Found a transporter.
 12073 | Gauntlet | Found the +8 Wrath of Trog {antimagic, *Rage}
 12379 | Gauntlet | Noticed a minotaur
 12401 | Gauntlet | Slain by a minotaur

Vault maps used:
D:1:      scummos_arrival_hexagon, hangedman_decor_clover_reticule,
          serial_bayou_lake_a
D:2:      chequers_ecumenical_altar_simple, doesnt_xom_only_xom, uniq_jessica,
          uniq_terence
D:3:      lemuel_crystal_altar, nicolae_ru_awakened_eye, nemelex_altar_shiori,
          ebering_ghost_disaster_area, skrybe_limestone_x, st_stairs_7
D:4:      marbit_many_paths, nicolae_tso_besieged_by_evil,
          minmay_temple_entry_gardened_gates, gup_sewer_entry_bubbles,
          first_ration, uniq_robin, uniq_blork_the_orc
D:5:      cheibriados_altar_1, serial_column_ruins, column_ruins_hut_ruined,
          column_ruins_columns_straight, column_ruins_open_tiny,
          column_ruins_open_tiny, column_ruins_open_tiny,
          column_ruins_corridor_corner, column_ruins_open_small, serial_shops,
          nicolae_shop_statue_plus, kennysheep_mini_moat,
          nicolae_shop_temple_entry_statues_fountains, shop, shop,
          minmay_ogre_servants, uniq_pikel
D:7:      kennysheep_mini, enter_bailey_3
D:8:      minmay_chambers_of_sevens, lemuel_doored_altar,
          grunt_temple_overflow_diamond
D:9:      grunt_temple_overflow_champion_of_chaos, basic_altar
D:10:     grunt_lair_entry_orc_guard_hut, david_orc_3
Temple:   jpeg_temple_island
Lair:1:   gammafunk_ghost_necromancy, disabler_island,
          infiniplex_staircase_pool_2
Lair:2:   minmay_snake_entry_guardpost_large, gauntlet_entry_generic
Sewer:    sewer_co_15_rooms
Bailey:   bailey_axe_of_yendor_kennysheep, bailey
Gauntlet: gammafunk_gauntlet_hard_choice

Skill      XL: |  1  2  3  4  5  6  7  8  9 10 11 12 |
---------------+-------------------------------------+-----
Armour         | 1 2 3 4 5 8 9 |  9.9
Fighting       | 3 4 6 9 10 | 10.9
Axes           | 5 7 |  7.3
Slings         | 2 6 10 11 | 11.9
Invocations    | 2 7 |  7.0
Dodging        | 3 5 |  5.0
Throwing       | |  1.7

Action                   |  1- 3 |  4- 6 |  7- 9 | 10-12 || total
-------------------------+-------+-------+-------+-------++-------
Melee: War axe           |    89 |   140 |       |       ||   229
       Battleaxe         |       |       |       |    35 ||    35
       Broad axe         |       |       |       |     1 ||     1
 Fire: Hunting sling     |       |   181 |   250 |   556 ||   987
Invok: Heroism           |       |       |       |     1 ||     1
  Use: Scroll            |       |     7 |    10 |     5 ||    22
       Potion            |       |       |       |     3 ||     3
 Stab: Sleeping          |     1 |       |       |       ||     1
  Eat: Chunk             |     1 |     7 |    10 |    13 ||    31
       Ration            |       |       |       |     1 ||     1
Armor: Leather armour    |    32 |     5 |       |       ||    37
       Chain mail        |       |   145 |    24 |       ||   169
       Plate armour      |       |       |     9 |   208 ||   217
Dodge: Dodged            |    61 |    90 |    24 |   103 ||   278

Table legend:
 A = Non-vault XP
 B = Vault XP
 C = Vault XP percentage of total XP
 D = Non-vault monster count
 E = Vault monster count
 F = Vault count percentage of total count
                 A         B        C        D         E       F
            +---------+---------+-------+---------+---------+-------
      Total |   16018 |   10092 |  38.7 |     252 |     147 |  36.8
            +---------+---------+-------+---------+---------+-------
        D:1 |      42 |       0 |   0.0 |      19 |       0 |   0.0
        D:2 |     125 |      73 |  36.9 |      28 |       2 |   6.7
        D:3 |     224 |       2 |   0.9 |      30 |       1 |   3.2
        D:4 |     134 |     233 |  63.5 |      13 |      29 |  69.0
        D:5 |     374 |     736 |  66.3 |      13 |      10 |  43.5
        D:6 |     923 |       0 |   0.0 |      24 |       0 |   0.0
        D:7 |     494 |       6 |   1.2 |      14 |       4 |  22.2
        D:8 |    2555 |    1688 |  39.8 |      35 |      13 |  27.1
        D:9 |    1541 |      48 |   3.0 |      19 |       1 |   5.0
       D:10 |    3992 |     918 |  18.7 |      26 |      10 |  27.8
     Lair:1 |    3140 |     358 |  10.2 |      17 |       4 |  19.0
     Lair:2 |    2474 |       0 |   0.0 |      14 |       0 |   0.0
      Sewer |       0 |     155 | 100.0 |       0 |      16 | 100.0
     Bailey |       0 |    3113 | 100.0 |       0 |      43 | 100.0
   Gauntlet |       0 |    2762 | 100.0 |       0 |      14 | 100.0
            +---------+---------+-------+---------+---------+-------
